 Dungeon Crawl Stone Soup version 0.32-a0-814-g0968bab981 (webtiles) character file.

Game seed: 7208484755696790355

5035 gimp the Severer (level 10, -8/83 (91) HPs)
             Began as a Minotaur Berserker on Mar 23, 2024.
             Was an Elder of Trog.
             Mangled by a hornet (28 damage)
             ... on level 8 of the Dungeon.
             The game lasted 00:11:42 (8351 turns).

gimp the Severer (Minotaur Berserker)               Turns: 8351, Time: 00:11:42

HP:   -8/83 (91)    AC:  9    Str: 24    XL:     10   Next: 30%
MP:   9/9           EV:  2    Int:  4    God:    Trog [****..]
Gold: 355           SH:  0    Dex: 18    Spells: 9/9 levels left

rFire   . . .        u - +0 broad axe
rCold   + . .        (no shield)
rNeg    + . .        x - +3 leather armour {rC+}
rPois   .            (helmet restricted)
rElec   .            o - +1 cloak
rCorr   .            s - +0 pair of gloves
SInv    .            (no boots)
Will    ++...        E - amulet of regeneration
Stlth   +            F - +6 ring of dexterity
HPRegen 2.13/turn    B - ring of positive energy
MPRegen 0.11/turn

%: no passive effects
@: about to teleport, sleeping, strong-willed, regenerating, slowed, drained
A: horns 2, retaliatory headbutt
a: Renounce Religion, Berserk, Trog's Hand, Brothers in Arms


You were on level 8 of the Dungeon.
You worshipped Trog.
Trog was greatly pleased with you.
You visited 2 branches of the dungeon, and saw 9 of its levels.
You also visited: Ossuary.

You collected 355 gold pieces.

Inventory:

Hand Weapons
 a - a +0 hand axe
 u - a +0 broad axe (weapon)
Missiles
 n - 5 throwing nets
Armour
 o - a +1 cloak (worn)
 s - a +0 pair of gloves (worn)
 x - a +3 leather armour of cold resistance (worn)
Jewellery
 B - a ring of positive energy (right hand)
 E - an amulet of regeneration (around neck)
 F - a +6 ring of dexterity (left hand)
Wands
 l - a wand of quicksilver (17)
 r - a wand of iceblast (7)
 w - a wand of charming (4)
 y - a wand of mindburst (17)
 D - a wand of polymorph (13)
Scrolls
 b - 2 scrolls of noise {unknown}
 c - 3 scrolls of vulnerability {unknown}
 d - 3 scrolls of blinking {unknown}
 e - 3 scrolls of poison
 g - 14 scrolls of identify {unknown}
 h - 3 scrolls of teleportation
 i - 3 scrolls of enchant armour {unknown}
 k - a scroll of torment {unknown}
 m - a scroll of brand weapon {unknown}
 p - a scroll of fog {unknown}
 q - a scroll of revelation {unknown}
 t - a scroll of amnesia {unknown}
 v - 2 scrolls of immolation {unknown}
 A - a scroll of acquirement {unknown}
Potions
 f - 3 potions of lignification
 j - a potion of haste
 z - 2 potions of brilliance {unknown}
 C - a potion of attraction {unknown}


   Skills:
 - Level 9.0 Fighting
 * Level 16.3 Axes
 - Level 2.4 Armour
 - Level 2.1 Dodging


You had 9 spell levels left.
You didn't know any spells.
Your spell library was empty.

Dungeon Overview and Level Annotations

Branches:
Dungeon (8/15)             Temple (1/1) D:6         Ossuary (visited)
   Lair: D:8-11

Altars:
Ashenzari
Cheibriados
Dithmenos
Elyvilon
Fedhas
Gozag
Hepliaklqana
Kikubaaqudgha
Nemelex Xobeh
Okawaru
Qazlal
Ru
Sif Muna
Trog
Uskayaw
Vehumet
Wu Jian
Xom
Zin
The Shining One

Annotations:
D:6 2 transporters, knightboat's ghost, novice CoHs


Innate Abilities, Weirdness & Mutations

You have a pair of horns on your head.
You reflexively headbutt those who attack you in melee.


Message History

Your Axes skill increases to level 16!
You regained 2 hp, and now have 7/75 hp.
You hit the wight.
The wight is severely damaged.
You regained 2 hp, and now have 9/75 hp.
You slash the black bear! You headbutt the black bear.
You kill the black bear!
Trog accepts your kill.
You slash the wight!
You destroy the wight!
Trog accepts your kill.
You regained 2 hp, and now have 11/78 hp.
You slash the wight!
You destroy the wight!
Trog accepts your kill.
You recover from your berserk rage.
You feel the effects of Trog's Hand fading.
Your skin stops crawling.
You feel less strong-willed.
Items here: )) [[.
Health restored: 79
Items here: ))) [[[.
Okay, then.
Items here: )) [[.
Items here: ))) [[[.
You open the door.
There is an open door here.
A water elemental comes into view.
Found a barding.
A water elemental is nearby!
A merfolk and 2 water elementals come into view.
Found a scroll labelled HEOMOI SAEDUI and a phial of floods.
The water elemental moves out of view.
A hornet and an electric eel come into view.
The hornet buzzes angrily.
The water elemental closely misses you. You furiously retaliate!
You headbutt the water elemental, but do no damage.
The water elemental completely misses you.
A water elemental comes into view.
You hit the water elemental.
The water elemental is lightly damaged.
You hit the water elemental.
The electric eel shoots out a bolt of lightning at you!
The bolt of electricity misses the water elemental.
The bolt of electricity hits you but does no damage.
The bolt of electricity hits you! The water elemental closely misses you.
The water elemental barely misses you. You furiously retaliate!
You headbutt the water elemental!
You take 12 damage, and have 67/79 hp.
The merfolk attacks as it pursues you! The merfolk misses you.
The merfolk hits you from afar with a +0 trident!
You take 8 damage, and have 59/79 hp.
You slice the water elemental!! You headbutt the water elemental.
The water elemental is heavily damaged.
A sleepcap comes into view.
The water elemental hits you.
You completely miss the water elemental.
The water elemental is heavily damaged.
The merfolk hits you from afar with a +0 trident!
You take 6 damage, and have 54/79 hp.
The water elemental attacks as it pursues you!
The water elemental hits you!
The water elemental engulfs you in water!
You take 6 damage, and have 48/79 hp.
You cannot read scrolls while unable to breathe!
The water engulfing you falls away.
You gasp with relief as air once again reaches your lungs.
Found 12 gold pieces.
The air fills with toxic fumes!
As you read the scroll labelled MERRYL GITHREEM, it crumbles to dust.
It was a scroll of poison.
The water elemental misses you.
As you read the scroll labelled NES ZAUCVA, it crumbles to dust.
You feel strangely unstable.
It was a scroll of teleportation.
The water elemental hits you!
The sleepcap releases spores at you but does no damage.
You take 9 damage, and have 41/79 hp.
You slice the water elemental!!
You destroy the water elemental!
Trog accepts your kill.
You slash the sleepcap! You hit the water elemental.
The water elemental hits you!!
You take 17 damage, and have 24/83 hp.
MASSIVE DAMAGE!!
You closely miss the hornet. You hit the sleepcap but do no damage.
You hit the water elemental. The hornet stings you.
* * * LOW HITPOINT WARNING * * *
You feel yourself slow down. The sleepcap releases spores at you.
* * * LOW HITPOINT WARNING * * *
The merfolk is engulfed in poison gas.
The merfolk is poisoned.
The water elemental hits you.
* * * LOW HITPOINT WARNING * * *
You take 6 damage, and have 18/83 hp.
Unknown command.
Your skin crawls.
You feel strong-willed. The hornet barely misses you. You furiously retaliate!
You headbutt the hornet! The sleepcap releases spores at you.
* * * LOW HITPOINT WARNING * * *
You are engulfed in a cloud of soporific spores!
You fall asleep.
The hornet stings you!!
You die...

~≈~.}.E~~~# ..
##§§≈≈...~≈~.## #.
§§§§≈~~~≈~≈~.. .##
#§§§≈≈≈≈≈≈≈≈# ..#
§§§≈S≈≈≈E≈§# #.#
#§§§§~y≈≈m.§# ####.#
§##§#§####E#####....####
§§§§§§§§EE§§§§§'........
§§§§§.f@ym§#####...#....
§§§§§§§§§§§# #...####.
§§§§§§§§§§§# #...####.
§§§§§§§§§§§# #......#.
############ #......#.
###....## #.....#
#####.# #..


You could see a merfolk (poisoned), 3 water elementals, a hornet and a sleepcap.

Vanquished Creatures
  A two-headed ogre (D:8)
  Maurice (D:7)
  A water elemental (D:8)
  Eustachio (D:4)
  3 yaks (D:8)
  Menkaure (D:4)
  A steam dragon (D:7)
  Edmund (D:4)
  A water moccasin (D:7)
  4 black bears
  A sky beast (D:8)
  An ogre (D:5)
  A centaur (D:7)
  A phantom (D:7)
  3 kobold brigands
  2 bullfrogs
  11 scorpions
  5 wights (D:8)
  A howler monkey (D:5)
  3 centaur zombies (Ossuary)
  6 orc priests
  A gnoll bouda (D:7)
  2 iguanas
  2 scorpion zombies (Ossuary)
  Ijyb (D:4)
  8 orc wizards
  4 mummies
  11 gnolls
  3 adders
  2 shadow imps
  2 white imps (D:7)
  4 adder zombies (Ossuary)
  2 ribbon worms
  2 dart slugs (D:1)
  33 orcs
  3 ball pythons
  5 bats
  8 endoplasms
  3 giant cockroaches
  2 gnoll zombies (Ossuary)
  6 goblins
  6 hobgoblins
  5 quokkas
  3 ball python zombies (Ossuary)
  5 frilled lizards
  A goblin zombie (D:4)
  A hobgoblin zombie (D:4)
  2 jackal zombies (Ossuary)
  14 kobolds
  An orc zombie (Ossuary)
  2 rats
194 creatures vanquished.

Vanquished Creatures (others)
  A kobold (D:7)
1 creature vanquished.

Grand Total: 195 creatures vanquished

Notes
Turn   | Place    | Note
-------+----------+-------------------------------------------
     0 | D:1      | gimp the Minotaur Berserker began the quest for the Orb.
     0 | D:1      | Reached XP level 1. HP: 19/19 MP: 0/0
    49 | D:1      | Reached skill level 4 in Axes
   141 | D:1      | Reached XP level 2. HP: 27/27 MP: 1/1
   824 | D:1      | Reached XP level 3. HP: 11/33 MP: 2/2
   984 | D:2      | Reached skill level 5 in Axes
   990 | D:2      | Reached XP level 4. HP: 18/41 MP: 3/3
  1161 | D:2      | Reached ** piety under Trog
  1490 | D:2      | Found a broken altar of Ashenzari.
  2676 | D:3      | Identified the +12 whip "Kuubouz" {freeze, rElec Int-2
                  | Dex+4}
  3063 | D:4      | Noticed Eustachio
  3076 | D:4      | Killed Eustachio
  3077 | D:4      | Reached skill level 5 in Fighting
  3077 | D:4      | Reached skill level 6 in Axes
  3077 | D:4      | Reached XP level 5. HP: 37/48 MP: 4/4
  3094 | D:4      | Reached skill level 7 in Axes
  3094 | D:4      | Reached XP level 6. HP: 17/57 MP: 5/5
  3221 | D:4      | Noticed Menkaure
  3227 | D:4      | Killed Menkaure
  3228 | D:4      | Reached skill level 8 in Axes
  3228 | D:4      | Noticed Edmund
  3257 | D:4      | Killed Edmund
  3258 | D:4      | Reached XP level 7. HP: 21/64 MP: 6/6
  3336 | D:4      | Found a sand-covered staircase.
  3384 | Ossuary  | Entered an ossuary
  3519 | Ossuary  | Reached skill level 9 in Axes
  3843 | Ossuary  | Reached XP level 8. HP: 73/73 MP: 7/7
  3913 | Ossuary  | Reached skill level 10 in Axes
  4043 | Ossuary  | Reached *** piety under Trog
  4601 | D:4      | Noticed Ijyb
  4616 | D:4      | Killed Ijyb
  4651 | D:4      | Found a shimmering altar of Xom.
  4860 | D:5      | Entered Level 5 of the Dungeon
  5058 | D:5      | Reached skill level 11 in Axes
  5291 | D:5      | Found a snail-covered altar of Cheibriados.
  5971 | D:6      | Noticed knightboat's ghost (novice CoHs)
  5972 | D:6      | Found a transporter.
  6115 | D:6      | Found a staircase to the Ecumenical Temple.
  6240 | Temple   | Entered the Ecumenical Temple
  6514 | D:7      | Reached XP level 9. HP: 83/83 MP: 8/8
  6516 | D:7      | Reached skill level 12 in Axes
  6674 | D:7      | Reached skill level 13 in Axes
  6674 | D:7      | Noticed Maurice
  6675 | D:7      | Reached **** piety under Trog
  6692 | D:7      | Maurice stole a +0 broad axe
  6692 | D:7      | Maurice stole 267 gold
  6963 | D:6      | Found a transporter.
  7311 | D:7      | Something stole 48 gold
  7325 | D:7      | Killed Maurice
  7326 | D:7      | Reached skill level 14 in Axes
  8075 | D:8      | Reached skill level 15 in Axes
  8217 | D:8      | Noticed a two-headed ogre
  8222 | D:8      | Killed a two-headed ogre
  8223 | D:8      | Reached XP level 10. HP: 91/91 MP: 9/9
  8243 | D:8      | Found a bloodstained altar of Trog.
  8259 | D:8      | HP: 3/77 [wight/+1 dagger (1)]
  8262 | D:8      | Reached skill level 16 in Axes
  8351 | D:8      | Mangled by a hornet

Illustrated notes

Levels and vault maps discovered:
D:1:      dpeg_arrival_water_temple_mockup, layout_basic
D:2:      layout_basic, basic_altar, serial_bayou_pond_d
D:3:      layout_basic
D:4:      layout_loops_cross, mainiacjoe_overflow_chevrons,
          nicolae_ossuary_entry_giza, uniq_edmund, uniq_ijyb, uniq_eustachio,
          uniq_menkaure
D:5:      layout_cave_pods, mainiacjoe_overflow_paths, serial_column_ruins,
          column_ruins_open_tiny, column_ruins_open_tiny, column_ruins_grid_4,
          column_ruins_grid_4, column_ruins_grid_4,
          column_ruins_open_medium_water, column_ruins_open_small
D:6:      layout_basic, minmay_temple_entry_waves, gammafunk_ghost_smash
D:7:      layout_cave_pools, uniq_maurice
D:8:      layout_basic, trog_ov_bears_minmay, nicolae_rank_and_phial,
          uniq_jeremiah
Temple:   bh_familiar_temple

Skill      XL: |  1  2  3  4  5  6  7  8  9 10 |
---------------+-------------------------------+-----
Axes           | 4 5 6 7 8 9 11 15 16 | 16.3
Fighting       | 4 5 6 7 9 |  9.0
Armour         | |  2.4
Dodging        | |  2.1

Action                     |  1- 3 |  4- 6 |  7- 9 | 10-12 || total
---------------------------+-------+-------+-------+-------++-------
  Melee: Hand axe          |    58 |    66 |   353 |       ||   477
         Headbutt          |    11 |     6 |    72 |     7 ||    96
         Broad axe         |       |       |    23 |    23 ||    46
  Throw: Throwing net      |       |     2 |       |       ||     2
 Invoke: Berserk           |     1 |     2 |     9 |       ||    12
         Trog's Hand       |       |     1 |     1 |     2 ||     4
  Evoke: Wand              |       |     6 |     5 |       ||    11
    Use: Potion            |       |     7 |     2 |       ||     9
         Scroll            |       |       |       |     2 ||     2
   Stab: Sleeping          |     1 |     2 |       |       ||     3
 Armour: Animal skin       |    30 |    33 |       |       ||    63
         Leather armour    |       |    11 |   188 |    49 ||   248
         Skin              |       |     6 |       |       ||     6
         Ring mail         |       |       |    94 |       ||    94
  Dodge: Dodged            |    34 |    30 |   169 |    18 ||   251

Table legend: (Time is in decaauts)
 A = Elapsed time spent in this place.
 B = Non-inter-level travel time spent in this place.
 C = Inter-level travel time spent in this place.
 D = Time resting spent in this place.
 E = Time spent auto-exploring this place.
 F = Levels seen in this place.
 G = Mean time per level.
                   A        B        C        D        E       F      G
               +--------+--------+--------+--------+--------+-----+--------+
         Total |   8363 |   8142 |    221 |    339 |   6323 |  10 |  836.3 |
       Dungeon |   7425 |   7204 |    221 |    306 |   5639 |   8 |  928.1 |
        Temple |      4 |      4 |      0 |      0 |      0 |   1 |    4.0 |
       Ossuary |    933 |    933 |      0 |     33 |    683 |   1 |  933.0 |
               +--------+--------+--------+--------+--------+-----+--------+

Top non-repeatable levels by time:
     D:3: 1319 daAuts
     D:6: 1131 daAuts
     D:5: 1011 daAuts
 Ossuary: 933 daAuts
     D:1: 924 daAuts
     D:4: 884 daAuts
     D:7: 859 daAuts
     D:2: 808 daAuts
     D:8: 486 daAuts
  Temple: 4 daAuts
